 Dungeon Crawl Stone Soup version 0.13-a0-2739-gace2dc1 (console) character file.

179 Kellhus the Ruinous (level 4, 22/22 HPs)
             Began as a Gargoyle Wizard on Aug 21, 2013.
             Quit the game on Level 1 of the Dungeon.
             The game lasted 00:02:53 (2156 turns).

Kellhus the Ruinous (Gargoyle Wizard)               Turns: 2156, Time: 00:02:53

HP  22/22        AC  5     Str 11      XL: 4   Next:  1%
MP  10/11        EV 11     Int 19      God:
Gold 121         SH  0     Dex  8      Spells:  1 memorised,  8 levels left

Res.Fire  : . . .   See Invis. : +   (no weapon)
Res.Cold  : . . .   Warding    : .   o - +0 robe (curse)
Life Prot.: + . .   Conserve   : .   (no shield)
Res.Poison: +       Res.Corr.  : .   b - +0 wizard hat
Res.Elec. : +       Clarity    : .   (no cloak)
Sust.Abil.: . .     Spirit.Shd : .   (no gloves)
Res.Mut.  : .       Stasis     : .   (no boots)
Res.Rott. : +       Flight     : .   (no amulet)
Saprovore : . . .                    (no ring)
                                     f - ring of see invisible {unknown}

@: slightly resistant to hostile enchantments, unstealthy
A: fangs 1, talons 2, life protection 1, electricity resistance, slow metabolism
1, unbreathing, petrification resistance, AC +3
a: no special abilities


You were on level 1 of the Dungeon.
You were not hungry.

You visited 1 branch of the dungeon, and saw 2 of its levels.

You collected 101 gold pieces.

Inventory:

Armour
 a - a +0 robe
 b - a +0 wizard hat (worn)
 o - a cursed +0 robe (worn)
Comestibles
 d - 4 bread rations
 i - a meat ration
 p - a rotting chunk of giant gecko flesh
Scrolls
 e - a scroll of identify {unknown}
 g - a scroll of recharging {unknown}
 j - a scroll of amnesia {unknown}
 n - 3 scrolls of remove curse {unknown}
Jewellery
 f - a ring of see invisible (left hand) {unknown}
Potions
 h - a potion of agility {unknown}
 k - a potion of curing {unknown}
 l - a potion of resistance {unknown}
 m - a potion of porridge {unknown}
Books
 c - a book of Minor Magic

   Spells                             Type                      Level
   *Magic Dart                        Conjuration                  1
   Blink                              Translocation                2
   Call Imp                           Summoning                    2
   Repel Missiles                     Charms/Air                   2
   Slow                               Hexes                        2
   Conjure Flame                      Conjuration/Fire             3
   Mephitic Cloud                     Conjuration/Poison/Air       3


   Skills:
 - Level 1.5 Dodging
 - Level 2.1 Stealth
 - Level 3.0 Spellcasting
 + Level 4.1 Conjurations
   Level 0.8 Summonings
   Level 0.8 Translocations


You had 8 spell levels left.
You knew the following spells:

 Your Spells              Type           Power        Failure   Level  Hunger
a - Magic Dart            Conj           ###.         3%          1    None


Dungeon Overview and Level Annotations

Branches:
Dungeon (2/27)

Altars:
Nemelex Xobeh
Yredelemnul

Annotations
D:2 Terence


Innate Abilities, Weirdness & Mutations

You are resistant to torment.
You are immune to poison.
Your stone body is very resilient (AC +3).
You have very sharp teeth.
You have razor-sharp toenails.
You resist negative energy.
You are resistant to electric shocks.
You have a slow metabolism.
You can survive without breathing.
You are immune to petrification.


Message History

You climb upwards.
There is a stone staircase leading down here.
Magic restored.
You open the door.
There is an open door here.
There is an open door here.
A kobold comes into view.
Casting: Magic Dart
Confirm with . or Enter, or press ? or * to list all spells.
Aiming: Magic Dart
Press: ? - help, Shift-Dir - straight line, f - kobold
Aim: a kobold (resting)
The magic dart hits the kobold.
You kill the kobold!
You have reached level 4!
You feel stronger.
Casting: Magic Dart
Confirm with . or Enter, or press ? or * to list all spells.
You can't see any susceptible monsters within range! (Use Z to cast anyway.)
You spend a moment contemplating the meaning of existence.
Are you sure you want to abandon this character and quit the game? (Confirm with "yes".)

#+###........###...#.#....%###.##
..'.#.....................>......
###.#......#####.#.#.#####.###.#.
....'...#####..................#.
#+#.#...# #.........####.##..#.
..+.#...## #........(# ##.##..#.
..####...#######.#....# #...#....
<.#.'.......####.#....###...#....
..#'#...........@................
..'.#..........................#.
###.###.########.#......##.##.##.
....'...# #.#....####.##.##.
###.#...########.#....####.##.##.
..#.#.........................#..
#.###..(..######.#....#....#..#..
...###....##...#...........#..#..
......(........###....####.#..##.


There were no monsters in sight!

Vanquished Creatures
  Ijyb (D:1)
  A worm (D:2)
  A giant gecko (D:2)
  An ooze (D:1)
  A giant cockroach (D:1)
  A goblin (D:1)
  6 hobgoblins
  5 kobolds
  8 bats
  A giant newt (D:1)
  6 rats
32 creatures vanquished.

Notes
Turn   | Place    | Note
--------------------------------------------------------------
     0 | D:1      | Kellhus, the Gargoyle Wizard, began the quest for the Orb.
     0 | D:1      | Reached XP level 1. HP: 8/8 MP: 5/5
   298 | D:1      | Reached XP level 2. HP: 13/13 MP: 0/7
   483 | D:1      | Found a sparkling altar of Nemelex Xobeh.
   917 | D:2      | Found a basalt altar of Yredelemnul.
  1029 | D:2      | Reached XP level 3. HP: 17/17 MP: 1/9
  1129 | D:2      | Noticed Terence
  1129 | D:2      | Noticed Ijyb
  1335 | D:1      | Killed Ijyb
  1759 | D:2      | Reached skill level 4 in Conjurations
  2155 | D:1      | Reached XP level 4. HP: 22/22 MP: 11/11
  2156 | D:1      | Quit the game

Action                   |  1- 3 |  4- 6 || total
-------------------------+-------+-------++-------
Melee: Unarmed           |     7 |       ||     7
 Cast: Magic Dart        |   106 |     1 ||   107
